 Dungeon Crawl Stone Soup version 0.25-a0-705-ge9988fc0fb (webtiles) character file.

Game seed: 14413944159886013858, levelgen mode: deterministic

14 Brecoman the Grave Robber (level 2, -1/20 HPs)
             Began as a Mummy Necromancer on Apr 4, 2020.
             Slain by a goblin
             ... wielding a +0 dagger
              (2 damage)
             ... on level 1 of the Dungeon.
             The game lasted 00:02:09 (206 turns).

Brecoman the Grave Robber (Mummy Necromancer)        Turns: 206, Time: 00:02:10

Health: -1/20      AC:  2    Str: 11    XL:     2   Next: 27%
Magic:  3/5        EV: 12    Int: 14    God:
Gold:   21         SH:  0    Dex: 12    Spells: 4/6 levels left

rFire    x . .     SeeInvis .   (no weapon)
rCold    + . .     Gourm    .   (no shield)
rNeg     + + +     Faith    .   a - +0 robe
rPois    ∞         Spirit   .   (no helmet)
rElec    .         Reflect  .   (no cloak)
rCorr    .         Harm     .   (no gloves)
MR       .....                  (no boots)
Stlth    ++........             (no amulet)
HPRegen  0.06/turn              (no ring)
MPRegen  0.09/turn              (no ring)

@: no status effects
A: no food or potions, fire vulnerability, cold resistance 1, negative energy
resistance 3, torment resistance, unbreathing
a: no special abilities


You were on level 1 of the Dungeon.
You were not hungry.

You visited 1 branch of the dungeon, and saw 1 of its levels.

You collected 21 gold pieces.

Inventory:

Armour
 a - a +0 robe (worn)
Scrolls
 b - a scroll of remove curse {unknown}
 c - a scroll of magic mapping {unknown}
 d - a scroll of enchant armour {unknown}


   Skills:
 + Level 0.6 Fighting
 + Level 1.8 Dodging
 + Level 1.8 Stealth
 + Level 2.9 Spellcasting
 + Level 4.1 Necromancy


You had 4 spell levels left.
You knew the following spells:

 Your Spells              Type           Power        Failure   Level  Hunger
a - Pain                  Necr           ##..         4%          1    N/A
b - Animate Skeleton      Necr           N/A          4%          1    N/A

Your spell library contained the following spells:

 Spells                   Type           Power        Failure   Level  Hunger
 Vampiric Draining        Necr           ##........   12%         3    N/A
 Animate Dead             Necr           N/A          36%         4    N/A
 Agony                    Necr           ##......     73%         5    N/A

Dungeon Overview and Level Annotations

Branches:
Dungeon (1/15)

Altars:


Innate Abilities, Weirdness & Mutations

You do not eat or drink.
Your flesh is vulnerable to fire.
You are immune to poison.
Your flesh is cold resistant. (rC+)
You are immune to negative energy. (rN+++)
You are immune to unholy pain and torment.
You can survive without breathing.


Message History

The dart slug launches a dart at you. The slug dart hits you.
* * * LOW HITPOINT WARNING * * *
Things that are here:
a +0 mace; a chunk of flesh You swap places.
Your bat skeleton hits the dart slug.
The dart slug closely misses your bat skeleton.
Your bat skeleton hits the dart slug but does no damage.
Your bat skeleton hits the dart slug but does no damage. x2
Your bat skeleton hits the dart slug.
The dart slug bites your bat skeleton. The dart slug launches a dart at you.
The slug dart hits your bat skeleton.
Your bat skeleton hits the dart slug but does no damage.
Your bat skeleton hits the dart slug.
Your bat skeleton hits the dart slug but does no damage.
The dart slug bites your bat skeleton.
Your bat skeleton is destroyed!
The goblin hits you with a +0 dagger.
You die...

#.. .. .. .#####. ......>## #.#
......# #(# #...# #.#
################@## #.#
.............≈≈#.g###.##########
.......≈≈≈≈≈≈≈≈#..g.......##...##
≈≈≈≈≈≈≈≈≈≈≈≈≈≈.#......###.......#
≈≈≈≈≈≈≈≈≈≈.............w%.......#
≈≈≈≈≈≈≈≈.........##########w#...#
.................# ##...#.
........≈≈≈≈...### ##)...
....!..≈≈≈≈≈≈≈≈# ##w#.


You could see a dart slug, a hobgoblin and a goblin.

Vanquished Creatures
  An ooze (D:1)
  A dart slug (D:1)
  A bat (D:1)
  3 jackals (D:1)
  2 kobolds (D:1)
8 creatures vanquished.

Notes
Turn   | Place    | Note
-------+----------+-------------------------------------------
     0 | D:1      | Brecoman the Mummy Necromancer began the quest for the Orb.
     0 | D:1      | Reached XP level 1. HP: 13/13 MP: 4/4
   107 | D:1      | Learned a level 1 spell: Animate Skeleton
   141 | D:1      | Reached XP level 2. HP: 8/20 MP: 1/5
   192 | D:1      | HP: 1/20 [dart slug/slug dart (4)]
   206 | D:1      | Slain by a goblin

Levels and vault maps discovered:
D:1:      dpeg_arrival_chase, layout_loops_ring, hangedman_decor_peaks_small

Action                   || total
-------------------------++-------
Melee: Unarmed           ||    22
 Cast: Pain              ||    11
       Animate Skeleton  ||     3
Armor: Robe              ||     5
Dodge: Dodged            ||    28

Table legend:
 A = Non-vault XP
 B = Vault XP
 C = Vault XP percentage of total XP
 D = Non-vault monster count
 E = Vault monster count
 F = Vault count percentage of total count
                 A         B        C        D         E       F
            +---------+---------+-------+---------+---------+-------
      Total |      20 |       0 |   0.0 |       8 |       0 |   0.0
            +---------+---------+-------+---------+---------+-------
        D:1 |      20 |       0 |   0.0 |       8 |       0 |   0.0
            +---------+---------+-------+---------+---------+-------
